Map: Cyber Forest LE

Players

asmo

  • Race: Zerg Zerg
  • League: Master
  • Spawn Location: 5:00

Mez - Winner!

  • Race: Terran Terran
  • League: Master
  • Spawn Location: 11:00

VOD

Have the link to the VOD?

Description

Time

  • Played on: Aug. 10, 2019, 9:13 a.m.
  • Length: 12:48
Show
View Real Time Build Order
Export as new Build Order

asmo Zerg 

Build Orders: Hatch First 

Get SALT Encoding   

  12  0:00  Drone  
  13  0:12  Overlord  
  13  0:17  Drone  
  14  0:31  Drone x2  
  14  0:34  Drone  
  17  0:52  Hatchery  
  17  0:56  Drone  
  17  0:59  Drone  
  18  1:09  Extractor  
  17  1:14  Spawning Pool  
  17  1:16  Drone  
  17  1:20  Drone  
  18  1:29  Drone  
  19  1:40  Overlord  
  19  2:01  Queen  
  21  2:02  Zergling x4  
  21  2:05  Queen  
  21  2:07  Drone  
  26  2:13  Metabolic Boost  
  26  2:17  Drone  
  26  2:18  Drone  
  28  2:28  Spore Crawler  
  27  2:31  Drone x2  
  30  2:43  Queen  
  32  2:46  Overlord  
  32  2:50  Drone x3  
  35  3:07  Drone x3  
  38  3:13  Queen  
  38  3:14  Overlord  
  38  3:19  Hatchery  
  39  3:25  Overlord  
  39  3:26  Drone x2  
  41  3:29  Drone x2  
  43  3:41  Drone  
  43  3:42  Drone x2  
  43  3:44  Overlord  
  46  3:58  Drone  
  46  3:59  Drone x5  
  46  4:02  Lair  
  52  4:07  Drone, Baneling Nest, Extractor  
  51  4:19  Extractor  
  50  4:45  Spore Crawler, Queen  
  51  4:48  Zergling x2  
  51  4:49  Zergling x28  
  66  5:11  Overlord x3  
  53  5:33  Drone  
  53  5:34  Drone x9  
  63  5:40  Overlord, Queen  
  65  5:43  Overlord  
  65  5:44  Centrifical Hooks  
  65  5:46  Overseer  
  65  5:56  Overlord  
  65  6:02  Overlord  
  65  6:04  Evolution Chamber  
  65  6:05  Evolution Chamber, Drone x4  
  65  6:06  Drone x2  
  69  6:11  Hatchery  
  68  6:18  Zergling x2  
  68  6:19  Zergling x14  
  76  6:34  Zerg Ground Armor Level 1, Zerg Melee Weapons Level 1  
  76  6:38  Overlord  
  76  6:39  Hydralisk Den  
  67  6:58  Zergling x24  
  78  7:06  Overlord  
  77  7:09  Muscular Augments  
  77  7:10  Overlord  
  77  7:12  Drone  
  77  7:13  Drone x5  
  83  7:29  Overseer  
  83  7:31  Overseer x2  
  83  7:36  Drone  
  84  7:38  Baneling  
  84  7:41  Baneling x8  
  84  7:42  Zergling x2, Baneling x3  
  84  7:43  Zergling x28  
  99  7:52  Zergling x2  
  99  7:53  Zergling x6  
  99  7:54  Baneling x5  
  99  7:55  Baneling  
  103  8:02  Overlord  
  103  8:13  Zergling x22  
  99  8:31  Drone x7  
  99  8:32  Overlord, Drone  
  106  8:36  Overlord  
  106  8:39  Drone x7, Extractor  
  106  8:40  Drone x3, Extractor  
  114  8:44  Extractor  
  113  8:50  Baneling x4  
  113  8:54  Zerg Ground Armor Level 2, Zerg Melee Weapons Level 2  
  113  8:58  Grooved Spines  
  113  9:00  Infestation Pit  
  107  9:08  Hydralisk  
  107  9:09  Hydralisk x4  
  115  9:12  Zergling x16  
  115  9:13  Zergling x2  
  112  9:35  Zergling x4, Hydralisk  
  112  9:36  Zergling x2, Hydralisk x3  
  121  9:44  Baneling x4  
  121  9:45  Baneling  
  121  9:52  Overlord  
  119  10:05  Extractor  
  117  10:11  Hydralisk  
  117  10:12  Hydralisk x5  
  117  10:13  Zergling x14  
  117  10:14  Zergling x4, Extractor  
  127  10:29  Hatchery  
  126  10:39  Baneling x7  
  126  10:41  Zergling x18  
  126  10:42  Zergling x8  
  139  10:43  Overlord x2  
  139  10:47  Drone x3  
  139  11:08  Overlord  
  139  11:09  Overlord x2  
  103  11:34  Hydralisk  
  103  11:35  Hydralisk x7  
  103  11:36  Zergling x18  
  103  11:37  Zergling x2  
  125  11:46  Baneling  
  119  11:47  Baneling x11  
  119  11:53  Overseer  
  119  11:54  Overseer  
  117  11:58  Baneling  
  117  11:59  Baneling x7  
  117  12:08  Zergling x2  
  118  12:09  Zergling x30  
  133  12:18  Drone  
  133  12:19  Drone x2  
  133  12:21  Drone x4  
Show
View Real Time Build Order
Export as new Build Order

Mez Terran - Winner!

Build Orders: Liberator Opening, Reaper Expand 

Get SALT Encoding   

  12  0:00  SCV  
  13  0:13  SCV  
  14  0:17  Supply Depot  
  14  0:25  SCV  
  15  0:38  SCV  
  15  0:40  Barracks  
  16  0:44  Refinery  
  16  0:50  SCV  
  17  1:03  SCV  
  18  1:15  SCV  
  19  1:28  Reaper, Orbital Command  
  20  1:42  Command Center  
  20  1:49  Supply Depot  
  20  1:55  SCV  
  21  2:01  Marine  
  21  2:08  SCV  
  23  2:12  Factory  
  23  2:19  Refinery  
  23  2:20  SCV  
  23  2:21  Barracks Reactor  
  24  2:36  SCV  
  25  2:48  SCV  
  26  2:55  Orbital Command  
  26  2:58  Starport  
  26  3:00  SCV  
  27  3:08  Barracks Tech Lab  
  27  3:10  Hellion x2  
  27  3:12  SCV  
  32  3:21  SCV  
  32  3:24  SCV  
  32  3:26  Liberator  
  34  3:27  Supply Depot  
  34  3:29  Marine  
  34  3:33  SCV  
  40  3:34  Hellion x2  
  40  3:40  SCV  
  45  3:48  SCV  
  45  3:51  Supply Depot  
  45  3:53  SCV  
  46  3:57  Hellion  
  46  3:59  Hellion  
  46  4:00  SCV  
  51  4:05  SCV  
  52  4:12  SCV  
  52  4:16  Supply Depot  
  53  4:17  SCV  
  54  4:24  SCV  
  54  4:29  SCV  
  54  4:30  Command Center  
  56  4:37  SCV  
  57  4:39  Supply Depot  
  57  4:42  Starport Reactor  
  57  4:43  Factory Reactor  
  57  4:44  Stimpack, Barracks  
  57  4:45  Barracks  
  57  4:50  SCV x2  
  57  4:52  Marine  
  60  5:01  Engineering Bay  
  60  5:02  Engineering Bay  
  60  5:03  Refinery  
  60  5:05  Refinery, SCV x2  
  62  5:25  Marine  
  50  5:31  Terran Infantry Armor Level 1, SCV, Terran Infantry Weapons Level 1  
  48  5:36  Factory Reactor  
  48  5:37  Marine x2  
  50  5:43  Orbital Command  
  50  5:45  SCV x2, Marine x3, Barracks  
  55  5:50  Barracks  
  55  5:52  Medivac x2  
  55  5:55  Marine  
  55  5:56  Marine  
  61  6:01  Orbital Command  
  61  6:03  Marine  
  61  6:04  Marine x2  
  63  6:08  SCV x2  
  66  6:19  Marine x2  
  66  6:21  Widow Mine x2, Marine  
  66  6:22  SCV, Medivac x2  
  66  6:23  SCV  
  79  6:26  SCV, Supply Depot  
  79  6:32  Supply Depot  
  80  6:34  SCV  
  80  6:35  SCV  
  80  6:37  Marine x2  
  80  6:38  Barracks Reactor x2, SCV, Marine  
  86  6:45  Combat Shield  
  86  6:46  Widow Mine x2  
  87  6:47  SCV x2  
  86  7:00  Marine  
  85  7:03  SCV x3, Marine  
  85  7:06  Marine x3  
  85  7:07  Medivac x2  
  95  7:11  Armory  
  95  7:15  SCV x2  
  97  7:18  SCV, Supply Depot x2  
  98  7:24  Marine x7  
  98  7:25  Marine  
  98  7:27  SCV x2  
  108  7:30  Bunker, Marine  
  108  7:34  Supply Depot  
  109  7:39  SCV  
  110  7:46  Marine  
  111  7:53  Marine x8  
  111  7:55  Widow Mine x2, Medivac x2  
  111  7:56  SCV x3  
  130  7:58  Supply Depot  
  130  8:01  Refinery  
  130  8:03  Terran Infantry Armor Level 2, Terran Infantry Weapons Level 2  
  130  8:21  Supply Depot  
  121  8:30  Marine  
  121  8:31  Marine x8  
  121  8:32  SCV x3  
  128  8:37  Factory, Command Center  
  128  8:40  Widow Mine x2  
  132  8:41  Medivac x2  
  136  8:48  Marine x3  
  136  8:49  Marine x2  
  136  8:50  Supply Depot  
  141  8:57  Marine x2  
  143  9:03  Supply Depot  
  143  9:04  Barracks  
  143  9:05  Barracks  
  143  9:08  Marine, Barracks  
  143  9:09  Marine x6  
  133  9:11  Widow Mine  
  133  9:13  Medivac  
  133  9:14  Marine  
  138  9:30  Marine x5  
  138  9:31  Marine x3  
  144  9:32  Widow Mine, Marine, Factory Tech Lab  
  147  9:42  Liberator x2  
  146  9:48  Marine x5  
  146  9:51  Command Center  
  156  10:12  Marine x4  
  156  10:13  Marine x4, Barracks Tech Lab  
  156  10:14  Barracks Tech Lab  
  162  10:15  Barracks Tech Lab  
  162  10:21  Planetary Fortress  
  161  10:30  Marine x2, Marauder  
  161  10:31  SCV x3  
  161  10:33  Marine x7  
  161  10:34  Marauder x2  
  178  10:49  Liberator  
  178  10:50  Liberator  
  178  10:51  Marauder  
  180  11:01  Marine  
  180  11:02  Widow Mine x2, Marine x6, Marauder  
  180  11:03  Marine, Marauder x2, Drilling Claws  
  194  11:05  Widow Mine  
  195  11:14  Marauder  
  169  11:19  Marine  
  169  11:20  Marine x4  
  169  11:24  Marine x6  
  170  11:31  Orbital Command  
  170  11:32  Liberator  
  170  11:33  Liberator  
  170  11:34  Command Center  
  170  11:35  Marauder  
  169  11:41  Supply Depot  
  169  11:42  Marauder x3  
  175  11:48  Widow Mine x2  
  182  11:57  Marauder  
  184  12:09  Marine x3, Marauder x3  
  193  12:20  Marine  
  193  12:21  Marine x3, Marauder  
  199  12:36  Command Center  
  198  12:43  Command Center  
Tags
 
Add a new tag
Caveats
  • Supply blocks, unpowered buildings, or Contaminate may cause inaccurate times.
  • Supply counts are checked every 10 seconds.